 Dungeon Crawl Stone Soup version 0.28.0 (webtiles) character file.

Game seed: 18124233104632637882

25 thesequoiad the Chiller (level 2, 0/19 HPs)
             Began as a Demonspawn Ice Elementalist on Feb 19, 2022.
             Hit by a stone thrown by a gnoll (2 damage)
             ... on level 1 of the Dungeon.
             The game lasted 00:03:53 (1146 turns).

thesequoiad the Chiller (DsIE)                      Turns: 1146, Time: 00:03:53

Health: 0/19       AC:  2    Str:  8    XL:     2   Next: 82%
Magic:  5/5        EV: 12    Int: 16    God:
Gold:   15         SH:  0    Dex: 13    Spells: 4/5 levels left

rFire   . . .      SeeInvis .   c - +1 dagger
rCold   . . .      Faith    .   (no shield)
rNeg    . . .      Spirit   .   a - +0 robe
rPois   .          Reflect  .   (no helmet)
rElec   .          Harm     .   (no cloak)
rCorr   .          Rampage  .   (no gloves)
Will    .....                   (no boots)
Stlth   ++........              (no amulet)
HPRegen 0.06/turn               (no ring)
MPRegen 0.09/turn               (no ring)

@: mighty, brilliant
A: ignite blood 1
a: no special abilities


You were on level 1 of the Dungeon.
You visited 1 branch of the dungeon, and saw 2 of its levels.

You collected 15 gold pieces.

Inventory:

Hand Weapons
 c - a +1 dagger (weapon)
Armour
 a - a +0 robe (worn)


   Skills:
 - Level 1.7 Dodging
 - Level 1.7 Stealth
 + Level 2.4 Spellcasting
 * Level 4.2 Ice Magic


You had 4 spell levels left.
You knew the following spells:

 Your Spells              Type           Power      Damage    Failure   Level
a - Freeze                Ice            92%        1d10      3%          1

Your spell library contained the following spells:

 Spells                   Type           Power      Damage    Failure   Level
 Frozen Ramparts          Ice            46%        1d6       11%         3
 Ozocubu's Armour         Ice            23%        N/A       11%         3
 Hailstorm                Conj/Ice       13%        3d5       63%         4


Dungeon Overview and Level Annotations

Branches:
Dungeon (2/15)

Altars:


Innate Abilities, Weirdness & Mutations

Your demonic aura sometimes causes spilled blood to erupt in flames.


Message History

The bat barely misses you.
Casting: Freeze (safe; 3% risk of failure)
Confirm with . or Enter, or press ? or * to list all spells.
Aiming: Freeze (safe; 3% risk of failure)
Press: ? - help, Shift-Dir - straight line, f - rat, p - bat
Aim: a rat You freeze the rat.
You kill the rat!
The bat hits you but does no damage. The bat hits you but does no damage.
The gnoll throws a stone.
The stone barely misses you. The bat hits you. The bat closely misses you.
The bat hits you. The bat barely misses you.
The gnoll throws a stone.
The stone misses you. The bat closely misses you.
Casting: Freeze (safe; 3% risk of failure)
Confirm with . or Enter, or press ? or * to list all spells.
Aiming: Freeze (safe; 3% risk of failure)
Press: ? - help, Shift-Dir - straight line, f - bat
Aim: a bat (moderately wounded)
You freeze the bat.
You kill the bat!
The gnoll throws a stone.
The stone hits you.
You see here a rat corpse.
The gnoll throws a stone.
The stone hits you.
There is a stone staircase leading down here.
You see here a bat corpse.
You see here a rat corpse.
The gnoll throws a stone.
The stone hits you but does no damage.
The gnoll throws a stone.
The stone hits you.
* * * LOW HITPOINT WARNING * * *
The gnoll throws a stone.
The stone misses you.
It was a potion of brilliance.
You feel clever all of a sudden.
It was a potion of might.
You feel very mighty all of a sudden.
Okay, then.
The gnoll throws a stone.
The stone hits you.
You die...

#.##.## ##.......##
##.#... #.#### ##.....##
##.### #.# ##...## ##.## #
#.# ##'## #..# #.# #.#
#..## # #.# #.# ####.###
####.##### ##.## #<#.....
#..g..$..#######...##
#.#.####
#.##.###.##....@....#
#.#.# # #.#
#g##.#......######.#.#
#.###.##.#.##.......##.#.#
#..........##..######..#.#
#####.##g####..# ##...#.#
#####.##.# #..# ##....'.#
#......#.####..# #..♣..###
....##....g...(..# ##....#
## . #.##..#####.# ##...#


You could see a gnoll.

Vanquished Creatures
  3 bats
  An endoplasm (D:1)
  A giant cockroach (D:1)
  A goblin (D:1)
  A hobgoblin (D:1)
  2 jackals (D:1)
  2 quokkas
  5 ball pythons
  2 frilled lizards (D:1)
  2 kobolds (D:1)
  2 rats (D:1)
22 creatures vanquished.

Notes
Turn   | Place    | Note
-------+----------+-------------------------------------------
     0 | D:1      | thesequoiad the Demonspawn Ice Elementalist began the quest
                  | for the Orb.
     0 | D:1      | Reached XP level 1. HP: 13/13 MP: 3/3
   352 | D:1      | Gained mutation: Your demonic aura sometimes causes spilled
                  | blood to erupt in flames. [demonic ancestry]
   352 | D:1      | Reached XP level 2. HP: 13/19 MP: 3/5
   474 | D:1      | Reached skill level 4 in Ice Magic
  1146 | D:1      | Hit by a stone thrown by a gnoll

Illustrated notes

Levels and vault maps discovered:
D:1:      amcnicky_arrival_feature_with_door, layout_loops_corners,
          minmay_pentomino_z2
D:2:      layout_rooms, uniq_robin, uniq_terence, uniq_natasha

Skill      XL: |  1  2 |
---------------+-------+-----
Ice Magic      | 4 |  4.2
Dodging        | |  1.7
Stealth        | |  1.7
Spellcasting   | |  2.4

Action                   || total
-------------------------++-------
Melee: Unarmed           ||     5
       Dagger            ||     7
 Cast: Freeze            ||    33
  Use: Scroll            ||     3
       Potion            ||     2
Armor: Robe              ||    17
Dodge: Dodged            ||    35
